 Dungeon Crawl Stone Soup version 0.29.0-4-gdea44cf6ec (webtiles) character file.

Game seed: 13356979306021176501

21028 qw the Brawler (level 12, -16/118 HPs)
             Began as a Troll Cinder Acolyte on Aug 30, 2022.
             Was a Follower of Okawaru.
             Demolished by a swamp worm (18 damage)
             ... on level 2 of the Lair of Beasts.
             The game lasted 00:06:18 (11501 turns).

qw the Brawler (Troll Cinder Acolyte)              Turns: 11501, Time: 00:06:18

Health: -16/118    AC: 13    Str: 33    XL:     12   Next: 50%
Magic:  10/12      EV:  9    Int:  9    God:    Okawaru [*.....]
Gold:   704        SH:  0    Dex:  4    Spells: 13/13 levels left

rFire   . . .      SeeInvis .     - Unarmed
rCold   + . .      Faith    .   (no shield)
rNeg    . . .      Spirit   .   q - +2 acid dragon scales
rPois   +          Reflect  .   (helmet restricted)
rElec   .          Harm     .   i - +0 cloak
rCorr   +          Rampage  .   (gloves unavailable)
Will    .....                   (boots unavailable)
Stlth   ++........              b - amulet of the acrobat
HPRegen 1.09/turn               t - ring of protection from cold
MPRegen 0.13/turn               s - ring of poison resistance

@: about to teleport, heroic, slowed, fire susceptible, very slow
A: large, unfitting armour, claws 3, regeneration 1, shaggy fur 1, tough skin 1,
strong 1
a: Renounce Religion, Heroism


You were on level 2 of the Lair of Beasts.
You worshipped Okawaru.
Okawaru was aware of your devotion.
You visited 3 branches of the dungeon, and saw 12 of its levels.
You also visited: Sewer.

You collected 769 gold pieces.
You spent 65 gold pieces at shops.


Innate Abilities, Weirdness & Mutations

You are too large for most types of armour.
You have claws for hands.
Your natural rate of healing is unusually fast.
You are covered in fur. (AC +1)
You have tough skin. (AC +1)
Your muscles are strong. (Str +4, Int/Dex -1)


   Skills:
 - Level 7.0(12.0) Fighting
 - Level 7.0(12.0) Throwing
 - Level 3.0(8.0) Armour
 - Level 1.1(6.1) Dodging
 + Level 17.3(22.3) Unarmed Combat
 - Level 1.0 Spellcasting
 - Level 2.1 Fire Magic
 + Level 1.3 Invocations


You had 13 spell levels left.
You didn't know any spells.
Your spell library contained the following spells:

 Spells                   Type           Power      Damage    Failure   Level
 Scorch                   Fire           8%         2d5       26%         2

Inventory:

Missiles
 a - 7 javelins
 m - 3 large rocks (quivered)
Armour
 i - a +0 cloak (worn)
 q - +2 acid dragon scales (worn)
Jewellery
 b - an amulet of the acrobat (around neck)
 c - a ring of protection from cold
 s - a ring of poison resistance (right claw)
 t - a ring of protection from cold (left claw)
Scrolls
 e - 3 scrolls of teleportation
 f - 4 scrolls of identify
 j - 3 scrolls of enchant weapon
Potions
 d - 2 potions of curing
 g - 2 potions of might
 h - a potion of cancellation
 k - a potion of haste
 l - 2 potions of resistance
 o - 3 potions of mutation

Dungeon Overview and Level Annotations

Branches:
Dungeon (9/15)             Temple (1/1) D:7            Lair (2/5) D:9
  Swamp (0/4) Lair:2       Spider (0/4) Lair:2          Orc (0/2) D:9
  Sewer (visited)

Altars:
Elyvilon
Hepliaklqana
Kikubaaqudgha
Makhleb
Okawaru
Uskayaw
Xom
Jiyva

Shops:
D:5 *


Message History

The swamp worm fires a harpoon shot at you.
The harpoon shot misses you.
The swamp worm fires a harpoon shot at you.
The harpoon shot misses you.
You see here a swamp worm corpse.
An electric eel comes into view.
Found a staircase to the Swamp.
You feel like a meek peon again.
The swamp worm fires a harpoon shot at you.
The harpoon shot misses you.
11495 ||| INVOKING Heroism.
You fail to use your ability.
The swamp worm fires a harpoon shot at you.
The harpoon shot hits you!
You are yanked forward by the harpoon shot.
The swamp worm bites you.
11496 ||| INVOKING Heroism.
You gain the combat prowess of a mighty hero.
The swamp worm misses you. The swamp worm bites you! x2
The swamp worm bites you.
You closely miss the swamp worm.
The swamp worm bites you but does no damage.
The swamp worm barely misses you.
You mangle the swamp worm!!
The swamp worm is almost dead.
The swamp worm bites you but does no damage.
The swamp worm bites you!
11499 ||| READING 4 scrolls of teleportation.
As you read the scroll of teleportation, it crumbles to dust.
You feel strangely unstable.
The swamp worm bites you but does no damage. x2
The swamp worm bites you! x2
You claw the swamp worm!
You kill the swamp worm!
Okawaru accepts your kill. The swamp worm barely misses you.
The electric eel shoots out a bolt of lightning at you!
The bolt of electricity hits you.
You completely miss the swamp worm. The swamp worm bites you!!
You die...

## #.# ####.. #
#....77777777777 7 7
.##..777~~~~7%~~~7~7S~~7
#...}.%......%..@.¤...¤7
#...}...7.......7w.¤¤>¤7
.....777~~~~~7~~~77¤~~~7
#.##...77777777777


7777 #. ..###.......7 ##. #........## #.. ##.##....P## #. ####......# ### ###
....###. ###....# #.###%## ....##). You could see a swamp worm and an electric
eel.

Vanquished Creatures
  A boulder beetle (Lair:2)
  3 hydras (Lair:1)
  A catoblepas (D:8)
  2 two-headed ogres
  A bog body (Lair:2)
  Pikel (D:7)
  Joseph (D:8)
  A black mamba (Lair:1)
  Maurice (D:8)
  A gargoyle (D:8)
  2 komodo dragons (Lair:1)
  3 cane toads (Lair:1)
  Maggie (D:6)
  A troll (D:9)
  11 blink frogs (Lair:1)
  A hornet (D:9)
  2 culicivoras (Lair:2)
  A wyvern (Lair:1)
  2 fire elementals (Lair:2)
  3 steam dragons
  31 yaks
  Menkaure (D:7)
  4 swamp worms (Lair:2)
  A water moccasin (Lair:2)
  A black bear (D:5)
  2 orc warriors
  A sky beast (D:8)
  4 ogres
  5 wolves
  2 centaurs
  3 lemures (D:7)
  4 phantoms
  5 kobold brigands
  6 bullfrogs
  A gnoll sergeant (D:6)
  2 scorpions (D:6)
  15 wights
  6 killer bees (D:7)
  3 electric eels
  4 howler monkeys (D:7)
  4 hounds
  7 jellies
  3 orc priests
  3 iguanas
  3 orc wizards
  Robin (D:3)
  14 adders
  4 gnolls (D:6)
  A river rat (Sewer)
  A shadow imp (D:7)
  A white imp (D:7)
  An ufetubus (D:5)
  3 worms
  2 dart slugs
  19 orcs
  14 ball pythons
  8 bats
  11 endoplasms
  4 giant cockroaches
  9 goblins (D:3)
  7 hobgoblins
  16 jackals
  2 quokkas
  A frilled lizard (D:1)
  21 kobolds
  4 rats
305 creatures vanquished.

Vanquished Creatures (others)
  A fungus (Lair:1)
  A plant (Lair:1)
2 creatures vanquished.

Grand Total: 307 creatures vanquished

Notes
Turn   | Place    | Note
-------+----------+-------------------------------------------
     0 | D:1      | qw the Troll Cinder Acolyte began the quest for the Orb.
     0 | D:1      | Reached XP level 1. HP: 22/22 MP: 1/1
     0 | D:1      | 0 ||| qw: Version: 0.1-a-95-gae9e614
     0 | D:1      | 0 ||| qw: Game counter: 4362
     0 | D:1      | 0 ||| qw: Always use a shield: true
     0 | D:1      | 0 ||| qw: God list: Okawaru
     0 | D:1      | 0 ||| qw: Allow faded altars: false
     0 | D:1      | 0 ||| qw: Do Orc after D:15 true
     0 | D:1      | 0 ||| qw: Do second Lair branch before Depths: true
     0 | D:1      | 0 ||| qw: Lair rune preference: random
     0 | D:1      | 0 ||| qw: Plans: Normal
     0 | D:1      | 0 ||| PLANNING D:1-11
   241 | D:1      | 241 ||| PLANNING D:1-11
   439 | D:1      | Reached XP level 2. HP: 29/29 MP: 2/2
   650 | D:1      | 650 ||| READING 2 scrolls labelled MOAXUO KEJOMINK.
   655 | D:1      | 655 ||| READING 2 scrolls labelled BUHAETWAOTO.
   656 | D:1      | 656 ||| READING scroll labelled GERHIA QEKEAPN.
   657 | D:1      | 657 ||| READING scroll labelled HAANYBE RIXY.
   699 | D:2      | 699 ||| Stepping ~*~*~tactically~*~*~ (stealth).
   707 | D:2      | 707 ||| Stepping ~*~*~tactically~*~*~ (stealth).
   796 | D:2      | Reached skill level 4 in Unarmed Combat
   891 | D:2      | 891 ||| Stepping ~*~*~tactically~*~*~ (stealth).
   902 | D:2      | Reached XP level 3. HP: 35/36 MP: 3/3
  1072 | D:2      | 1072 ||| Stepping ~*~*~tactically~*~*~ (stealth).
  1171 | D:2      | 1171 ||| Stepping ~*~*~tactically~*~*~ (hiding).
  1172 | D:2      | 1172 ||| Stepping ~*~*~tactically~*~*~ (hiding).
  1442 | D:2      | 1442 ||| Stepping ~*~*~tactically~*~*~ (stealth).
  1534 | D:2      | 1534 ||| UPGRADING to amulet of the acrobat.
  1539 | D:2      | 1539 ||| READING scroll labelled MODASOREOBB.
  1540 | D:2      | 1540 ||| DRINKING 2 green potions.
  1541 | D:2      | 1541 ||| READING 3 scrolls of identify.
  1541 | D:2      | 1541 ||| IDENTIFYING bubbling pink potion
  1542 | D:2      | 1542 ||| READING 2 scrolls of identify.
  1542 | D:2      | 1542 ||| IDENTIFYING lumpy puce potion
  1543 | D:2      | 1543 ||| DROPPING potion of degeneration.
  1544 | D:2      | 1544 ||| DROPPING potion of invisibility.
  1545 | D:2      | 1545 ||| READING 2 scrolls of teleportation.
  1573 | D:3      | 1573 ||| PLANNING SEWER
  1592 | D:3      | Noticed Robin
  1593 | D:3      | 1593 ||| INVOKING Fiery Armour.
  1596 | D:3      | 1596 ||| Stepping ~*~*~tactically~*~*~ (outnumbered).
  1597 | D:3      | 1597 ||| Stepping ~*~*~tactically~*~*~ (outnumbered).
  1598 | D:3      | 1598 ||| Stepping ~*~*~tactically~*~*~ (outnumbered).
  1599 | D:3      | 1599 ||| Stepping ~*~*~tactically~*~*~ (outnumbered).
  1600 | D:3      | 1600 ||| Stepping ~*~*~tactically~*~*~ (outnumbered).
  1601 | D:3      | 1601 ||| Stepping ~*~*~tactically~*~*~ (outnumbered).
  1602 | D:3      | 1602 ||| Stepping ~*~*~tactically~*~*~ (outnumbered).
  1603 | D:3      | 1603 ||| Stepping ~*~*~tactically~*~*~ (outnumbered).
  1607 | D:3      | 1607 ||| Stepping ~*~*~tactically~*~*~ (outnumbered).
  1613 | D:3      | Killed Robin
  1614 | D:3      | Reached skill level 5 in Unarmed Combat
  1614 | D:3      | Reached XP level 4. HP: 34/44 MP: 4/4
  1636 | D:3      | Found a faded altar of an unknown god.
  1662 | D:3      | 1662 ||| Stepping ~*~*~tactically~*~*~ (stealth).
  1696 | D:3      | 1696 ||| Stepping ~*~*~tactically~*~*~ (hiding).
  1697 | D:3      | 1697 ||| Stepping ~*~*~tactically~*~*~ (hiding).
  1848 | D:3      | Found a glowing drain.
  1849 | D:3      | 1849 ||| READING scroll labelled GIKHLE TYOST.
  1856 | D:3      | 1856 ||| DRINKING 2 sapphire potions.
  1957 | D:3      | 1957 ||| DROPPING potion of ambrosia.
  1971 | Sewer    | Entered a sewer
  1990 | Sewer    | Noticed a kobold brigand
  2011 | Sewer    | 2011 ||| INVOKING Fiery Armour.
  2015 | Sewer    | Killed a kobold brigand
  2016 | Sewer    | Reached skill level 6 in Unarmed Combat
  2016 | Sewer    | Reached XP level 5. HP: 17/50 MP: 5/5
  2125 | Sewer    | Reached skill level 7 in Unarmed Combat
  2125 | Sewer    | Reached XP level 6. HP: 52/59 MP: 6/6
  2639 | Sewer    | 2639 ||| READING scroll labelled NOPTAO BUOF.
  2640 | Sewer    | 2640 ||| DRINKING 2 bubbling clear potions.
  2641 | Sewer    | 2641 ||| DRINKING 2 pink potions.
  2668 | D:3      | 2668 ||| PLANNING D:1-11
  2882 | D:3      | Reached skill level 8 in Unarmed Combat
  3095 | D:3      | 3095 ||| READING scroll labelled IZXIEPL WOFFIEBENG.
  3181 | D:4      | Reached XP level 7. HP: 66/66 MP: 7/7
  3192 | D:4      | 3192 ||| FLEEEEING.
  3193 | D:4      | 3193 ||| FLEEEEING.
  3227 | D:4      | 3227 ||| Stepping ~*~*~tactically~*~*~ (stealth).
  3228 | D:4      | 3228 ||| Stepping ~*~*~tactically~*~*~ (stealth).
  3236 | D:4      | Reached skill level 3 in Fighting
  3347 | D:4      | 3347 ||| Stepping ~*~*~tactically~*~*~ (stealth).
  3351 | D:4      | 3351 ||| Stepping ~*~*~tactically~*~*~ (stealth).
  3352 | D:4      | 3352 ||| Stepping ~*~*~tactically~*~*~ (stealth).
  3357 | D:4      | 3357 ||| Stepping ~*~*~tactically~*~*~ (hiding).
  3367 | D:4      | 3367 ||| INVOKING Fiery Armour.
  3376 | D:4      | 3376 ||| FLEEEEING.
  3377 | D:4      | 3377 ||| FLEEEEING.
  3378 | D:4      | 3378 ||| FLEEEEING.
  3379 | D:4      | 3379 ||| FLEEEEING.
  3380 | D:4      | 3380 ||| FLEEEEING.
  3381 | D:4      | 3381 ||| FLEEEEING.
  3382 | D:4      | 3382 ||| FLEEEEING.
  3383 | D:4      | 3383 ||| FLEEEEING.
  3384 | D:4      | 3384 ||| FLEEEEING.
  3385 | D:4      | 3385 ||| FLEEEEING.
  3386 | D:4      | 3386 ||| FLEEEEING.
  3387 | D:4      | 3387 ||| FLEEEEING.
  3388 | D:4      | 3388 ||| FLEEEEING.
  3389 | D:4      | 3389 ||| FLEEEEING.
  3390 | D:4      | 3390 ||| FLEEEEING.
  3391 | D:4      | 3391 ||| FLEEEEING.
  3392 | D:4      | 3392 ||| FLEEEEING.
  3393 | D:4      | 3393 ||| FLEEEEING.
  3394 | D:4      | 3394 ||| FLEEEEING.
  3395 | D:4      | 3395 ||| FLEEEEING.
  3396 | D:4      | 3396 ||| FLEEEEING.
  3397 | D:4      | 3397 ||| FLEEEEING.
  3398 | D:4      | 3398 ||| FLEEEEING.
  3399 | D:4      | 3399 ||| FLEEEEING.
  3400 | D:4      | 3400 ||| FLEEEEING.
  3404 | D:4      | 3404 ||| Stepping ~*~*~tactically~*~*~ (outnumbered).
  3405 | D:4      | 3405 ||| Stepping ~*~*~tactically~*~*~ (outnumbered).
  3406 | D:4      | 3406 ||| Stepping ~*~*~tactically~*~*~ (outnumbered).
  3407 | D:4      | 3407 ||| Stepping ~*~*~tactically~*~*~ (outnumbered).
  3509 | D:4      | 3509 ||| Stepping ~*~*~tactically~*~*~ (stealth).
  3522 | D:4      | Noticed a steam dragon
  3529 | D:4      | Killed a steam dragon
  3530 | D:4      | Reached skill level 9 in Unarmed Combat
  3875 | D:4      | Reached skill level 1 in Dodging
  4023 | D:4      | 4023 ||| UPGRADING to +0 steam dragon scales.
  4033 | D:4      | 4033 ||| DROPPING +0 robe.
  4034 | D:4      | 4034 ||| READING scroll labelled VOOJYNUFEL.
  4066 | D:4      | 4066 ||| READING scroll labelled PODOFI BYMU.
  4067 | D:4      | 4067 ||| READING 2 scrolls of identify.
  4067 | D:4      | 4067 ||| IDENTIFYING fuming orange potion
  4108 | D:5      | Entered Level 5 of the Dungeon
  4116 | D:5      | 4116 ||| STAIRDANCE
  4124 | D:4      | Reached XP level 8. HP: 75/75 MP: 8/8
  4169 | D:5      | Found Myakled's General Store.
  4176 | D:5      | Reached skill level 1 in Armour
  4190 | D:5      | 4190 ||| BUYING potion of heal wounds (65 gold).
  4190 | D:5      | Bought a potion of heal wounds for 65 gold pieces
  4288 | D:5      | 4288 ||| Stepping ~*~*~tactically~*~*~ (hiding).
  4290 | D:5      | 4290 ||| INVOKING Fiery Armour.
  4293 | D:5      | 4293 ||| Stepping ~*~*~tactically~*~*~ (hiding).
  4295 | D:5      | 4295 ||| Stepping ~*~*~tactically~*~*~ (hiding).
  4298 | D:5      | 4298 ||| DRINKING 2 potions of curing.
  4298 | D:5      | 4298 ||| (to cure confusion)
  4302 | D:5      | 4302 ||| FLEEEEING.
  4303 | D:5      | 4303 ||| FLEEEEING.
  4621 | D:5      | 4621 ||| Stepping ~*~*~tactically~*~*~ (outnumbered).
  4622 | D:5      | 4622 ||| Stepping ~*~*~tactically~*~*~ (outnumbered).
  4623 | D:5      | 4623 ||| Stepping ~*~*~tactically~*~*~ (outnumbered).
  4624 | D:5      | 4624 ||| Stepping ~*~*~tactically~*~*~ (outnumbered).
  4625 | D:5      | 4625 ||| Stepping ~*~*~tactically~*~*~ (outnumbered).
  4626 | D:5      | 4626 ||| Stepping ~*~*~tactically~*~*~ (outnumbered).
  4629 | D:5      | Reached skill level 10 in Unarmed Combat
  5050 | D:5      | 5050 ||| UPGRADING to ring of protection from cold.
  5051 | D:5      | 5051 ||| UPGRADING to ring of protection from cold.
  5052 | D:5      | 5052 ||| DROPPING ring of magical power.
  5053 | D:5      | 5053 ||| DRINKING 2 fizzy cyan potions.
  5053 | D:5      | Gained mutation: You are clumsy. (Dex -2) [potion of
                  | mutation]
  5053 | D:5      | Gained mutation: Your muscles are strong. (Str +4, Int/Dex
                  | -1) [potion of mutation]
  5053 | D:5      | Lost mutation: You are clumsy. (Dex -2) [potion of
                  | mutation]
  5091 | D:6      | Reached skill level 1 in Throwing
  5159 | D:6      | 5159 ||| Stepping ~*~*~tactically~*~*~ (hiding).
  5466 | D:6      | 5466 ||| Stepping ~*~*~tactically~*~*~ (hiding).
  5473 | D:6      | 5473 ||| Stepping ~*~*~tactically~*~*~ (outnumbered).
  5475 | D:6      | 5475 ||| Stepping ~*~*~tactically~*~*~ (outnumbered).
  5478 | D:6      | 5478 ||| INVOKING Fiery Armour.
  5481 | D:6      | Reached XP level 9. HP: 29/84 MP: 9/9
  5573 | D:6      | 5573 ||| Stepping ~*~*~tactically~*~*~ (stealth).
  5574 | D:6      | 5574 ||| Stepping ~*~*~tactically~*~*~ (stealth).
  5579 | D:6      | 5579 ||| Stepping ~*~*~tactically~*~*~ (stealth).
  5581 | D:6      | 5581 ||| Stepping ~*~*~tactically~*~*~ (outnumbered).
  5895 | D:6      | Noticed Maggie
  5901 | D:6      | Reached skill level 3 in Throwing
  5903 | D:6      | Killed Maggie
  5904 | D:6      | Reached skill level 11 in Unarmed Combat
  5953 | D:6      | 5953 ||| UPGRADING to +0 acid dragon scales.
  5963 | D:6      | 5963 ||| DROPPING +0 steam dragon scales.
  5964 | D:6      | 5964 ||| READING scroll labelled WOANI FITEFESUSM.
  5965 | D:6      | 5965 ||| READING 2 scrolls of identify.
  5965 | D:6      | 5965 ||| IDENTIFYING emerald potion
  5966 | D:6      | 5966 ||| DROPPING potion of flight.
  6018 | D:7      | 6018 ||| Stepping ~*~*~tactically~*~*~ (stealth).
  6022 | D:7      | 6022 ||| Stepping ~*~*~tactically~*~*~ (outnumbered).
  6023 | D:7      | 6023 ||| Stepping ~*~*~tactically~*~*~ (outnumbered).
  6024 | D:7      | 6024 ||| Stepping ~*~*~tactically~*~*~ (outnumbered).
  6527 | D:7      | 6527 ||| INVOKING Fiery Armour.
  6530 | D:7      | HP: 21/84 [killer bee (2)]
  6531 | D:7      | Reached skill level 12 in Unarmed Combat
  6531 | D:7      | 6531 ||| FLEEEEING.
  6532 | D:7      | 6532 ||| FLEEEEING.
  6533 | D:7      | 6533 ||| READING 5 scrolls of teleportation.
  6534 | D:7      | 6534 ||| DRINKING 2 potions of heal wounds.
  6537 | D:7      | 6537 ||| Stepping ~*~*~tactically~*~*~ (stealth).
  6712 | D:7      | Noticed Menkaure
  6713 | D:7      | 6713 ||| Stepping ~*~*~tactically~*~*~ (hiding).
  6724 | D:7      | 6724 ||| INVOKING Fiery Armour.
  6724 | D:7      | Killed Menkaure
  6725 | D:7      | 6725 ||| FLEEEEING.
  6726 | D:7      | 6726 ||| FLEEEEING.
  6727 | D:7      | 6727 ||| FLEEEEING.
  6728 | D:7      | 6728 ||| FLEEEEING.
  6729 | D:7      | 6729 ||| FLEEEEING.
  6730 | D:7      | 6730 ||| FLEEEEING.
  6731 | D:7      | 6731 ||| FLEEEEING.
  6732 | D:7      | 6732 ||| FLEEEEING.
  6733 | D:7      | 6733 ||| FLEEEEING.
  6734 | D:7      | 6734 ||| FLEEEEING.
  6735 | D:7      | 6735 ||| FLEEEEING.
  6736 | D:7      | 6736 ||| FLEEEEING.
  6737 | D:7      | 6737 ||| FLEEEEING.
  6738 | D:7      | 6738 ||| FLEEEEING.
  6739 | D:7      | 6739 ||| FLEEEEING.
  6740 | D:7      | 6740 ||| FLEEEEING.
  6741 | D:7      | 6741 ||| FLEEEEING.
  6742 | D:7      | 6742 ||| FLEEEEING.
  6743 | D:7      | 6743 ||| FLEEEEING.
  6744 | D:7      | 6744 ||| FLEEEEING.
  6745 | D:7      | 6745 ||| FLEEEEING.
  6746 | D:7      | 6746 ||| FLEEEEING.
  6747 | D:7      | 6747 ||| FLEEEEING.
  6748 | D:7      | 6748 ||| FLEEEEING.
  6749 | D:7      | 6749 ||| FLEEEEING.
  6750 | D:7      | 6750 ||| FLEEEEING.
  6751 | D:7      | 6751 ||| FLEEEEING.
  6752 | D:7      | 6752 ||| FLEEEEING.
  6753 | D:7      | 6753 ||| FLEEEEING.
  6754 | D:7      | 6754 ||| FLEEEEING.
  6755 | D:7      | 6755 ||| FLEEEEING.
  6756 | D:7      | 6756 ||| FLEEEEING.
  6757 | D:7      | 6757 ||| FLEEEEING.
  6802 | D:7      | 6802 ||| Stepping ~*~*~tactically~*~*~ (stealth).
  6811 | D:7      | Found a staircase to the Ecumenical Temple.
  6955 | D:7      | Noticed Pikel
  6973 | D:7      | Killed Pikel
  6974 | D:7      | Reached XP level 10. HP: 89/96 MP: 10/10
  7212 | D:7      | 7212 ||| READING 3 scrolls labelled BOCHIO MYMOAK.
  7213 | D:7      | 7213 ||| READING 2 scrolls of enchant armour.
  7213 | D:7      | 7213 ||| ENCHANTING +0 acid dragon scales.
  7214 | D:7      | 7214 ||| READING scroll of enchant armour.
  7214 | D:7      | 7214 ||| ENCHANTING +1 acid dragon scales.
  7215 | D:7      | 7215 ||| READING scroll labelled QEROBL KIANEISCH.
  7216 | D:7      | 7216 ||| DRINKING 2 bubbling puce potions.
  7217 | D:7      | 7217 ||| DRINKING 2 ruby potions.
  7218 | D:7      | 7218 ||| DROPPING potion of brilliance.
  7376 | D:8      | 7376 ||| Stepping ~*~*~tactically~*~*~ (stealth).
  7378 | D:8      | 7378 ||| Stepping ~*~*~tactically~*~*~ (stealth).
  7380 | D:8      | 7380 ||| Stepping ~*~*~tactically~*~*~ (stealth).
  7404 | D:8      | Noticed a gargoyle
  7411 | D:8      | Killed a gargoyle
  7412 | D:8      | Reached skill level 13 in Unarmed Combat
  7494 | D:8      | Noticed a catoblepas
  7495 | D:8      | 7495 ||| Stepping ~*~*~tactically~*~*~ (cloud).
  7497 | D:8      | 7497 ||| INVOKING Fiery Armour.
  7498 | D:8      | Noticed Maurice
  7506 | D:8      | Killed a catoblepas
  7508 | D:8      | Paralysed by Maurice for 5 turns
  7515 | D:8      | Killed Maurice
  7562 | D:8      | 7562 ||| Stepping ~*~*~tactically~*~*~ (outnumbered).
  7563 | D:8      | 7563 ||| Stepping ~*~*~tactically~*~*~ (outnumbered).
  7564 | D:8      | 7564 ||| Stepping ~*~*~tactically~*~*~ (outnumbered).
  7574 | D:8      | 7574 ||| FLEEEEING.
  7590 | D:8      | Found a viscous altar of Jiyva.
  7664 | D:8      | Noticed Joseph
  7666 | D:8      | 7666 ||| FLEEEEING.
  7667 | D:8      | 7667 ||| FLEEEEING.
  7668 | D:8      | 7668 ||| FLEEEEING.
  7669 | D:8      | 7669 ||| FLEEEEING.
  7681 | D:8      | Killed Joseph
  7682 | D:8      | Reached skill level 14 in Unarmed Combat
  7778 | D:8      | 7778 ||| Stepping ~*~*~tactically~*~*~ (hiding).
  7899 | D:8      | Found an ancient bone altar of Kikubaaqudgha.
  7900 | D:8      | Found a hide-covered altar of Uskayaw.
  7900 | D:8      | Found a white marble altar of Elyvilon.
  7901 | D:8      | Found a burning altar of Makhleb.
  7989 | D:8      | Noticed a two-headed ogre
  7994 | D:8      | Killed a two-headed ogre
  7995 | D:8      | Reached XP level 11. HP: 105/105 MP: 11/11
  8163 | D:8      | 8163 ||| UPGRADING to +0 cloak.
  8168 | D:8      | 8168 ||| UPGRADING to ring of poison resistance.
  8170 | D:8      | 8170 ||| READING 3 scrolls labelled ZUOBEA BAAWKYB.
  8271 | D:8      | 8271 ||| DRINKING 2 clear potions.
  8292 | D:8      | 8292 ||| READING 4 scrolls of identify.
  8292 | D:8      | 8292 ||| IDENTIFYING blue potion
  8293 | D:8      | 8293 ||| DROPPING potion of magic.
  8294 | D:8      | 8294 ||| DROPPING potion of lignification.
  8295 | D:8      | 8295 ||| DROPPING 2 scrolls of silence.
  8422 | D:9      | Found a staircase to the Orcish Mines.
  8542 | D:9      | Reached skill level 6 in Fighting
  8751 | D:9      | 8751 ||| Stepping ~*~*~tactically~*~*~ (hiding).
  8760 | D:9      | Reached skill level 6 in Throwing
  8770 | D:9      | 8770 ||| Stepping ~*~*~tactically~*~*~ (hiding).
  8886 | D:9      | Noticed a two-headed ogre
  8892 | D:9      | Killed a two-headed ogre
  8993 | D:9      | Found a staircase to the Lair.
  8994 | D:9      | 8994 ||| INVOKING Fiery Armour.
  9003 | D:9      | 9003 ||| Stepping ~*~*~tactically~*~*~ (outnumbered).
  9004 | D:9      | 9004 ||| Stepping ~*~*~tactically~*~*~ (outnumbered).
  9005 | D:9      | 9005 ||| Stepping ~*~*~tactically~*~*~ (outnumbered).
  9006 | D:9      | 9006 ||| Stepping ~*~*~tactically~*~*~ (outnumbered).
  9007 | D:9      | 9007 ||| Stepping ~*~*~tactically~*~*~ (outnumbered).
  9008 | D:9      | 9008 ||| Stepping ~*~*~tactically~*~*~ (outnumbered).
  9009 | D:9      | 9009 ||| Stepping ~*~*~tactically~*~*~ (outnumbered).
  9011 | D:9      | 9011 ||| Stepping ~*~*~tactically~*~*~ (outnumbered).
  9012 | D:9      | 9012 ||| Stepping ~*~*~tactically~*~*~ (outnumbered).
  9013 | D:9      | 9013 ||| Stepping ~*~*~tactically~*~*~ (outnumbered).
  9017 | D:9      | HP: 19/105 [troll (11)]
  9018 | D:9      | 9018 ||| READING 5 scrolls of teleportation.
  9019 | D:9      | 9019 ||| DRINKING potion of heal wounds.
  9430 | D:9      | 9430 ||| PLANNING LAIR
  9458 | Lair:1   | Entered Level 1 of the Lair of Beasts
  9461 | Lair:1   | 9461 ||| Stepping ~*~*~tactically~*~*~ (outnumbered).
  9462 | Lair:1   | 9462 ||| Stepping ~*~*~tactically~*~*~ (outnumbered).
  9462 | Lair:1   | Noticed a four-headed hydra
  9463 | Lair:1   | 9463 ||| INVOKING Fiery Armour.
  9464 | Lair:1   | 9464 ||| Stepping ~*~*~tactically~*~*~ (outnumbered).
  9465 | Lair:1   | 9465 ||| Stepping ~*~*~tactically~*~*~ (outnumbered).
  9466 | Lair:1   | 9466 ||| Stepping ~*~*~tactically~*~*~ (outnumbered).
  9467 | Lair:1   | 9467 ||| Stepping ~*~*~tactically~*~*~ (outnumbered).
  9468 | Lair:1   | 9468 ||| Stepping ~*~*~tactically~*~*~ (outnumbered).
  9469 | Lair:1   | 9469 ||| Stepping ~*~*~tactically~*~*~ (outnumbered).
  9470 | Lair:1   | 9470 ||| Stepping ~*~*~tactically~*~*~ (outnumbered).
  9471 | Lair:1   | 9471 ||| Stepping ~*~*~tactically~*~*~ (outnumbered).
  9472 | Lair:1   | 9472 ||| Stepping ~*~*~tactically~*~*~ (outnumbered).
  9473 | Lair:1   | 9473 ||| Stepping ~*~*~tactically~*~*~ (outnumbered).
  9475 | Lair:1   | 9475 ||| Stepping ~*~*~tactically~*~*~ (outnumbered).
  9479 | Lair:1   | Killed a six-headed hydra
  9486 | Lair:1   | Reached skill level 15 in Unarmed Combat
  9490 | Lair:1   | Reached skill level 3 in Armour
  9579 | Lair:1   | 9579 ||| Stepping ~*~*~tactically~*~*~ (stealth).
  9582 | Lair:1   | 9582 ||| Stepping ~*~*~tactically~*~*~ (stealth).
  9583 | Lair:1   | 9583 ||| Stepping ~*~*~tactically~*~*~ (stealth).
  9612 | Lair:1   | 9612 ||| INVOKING Fiery Armour.
  9656 | Lair:1   | 9656 ||| Stepping ~*~*~tactically~*~*~ (outnumbered).
  9657 | Lair:1   | 9657 ||| Stepping ~*~*~tactically~*~*~ (outnumbered).
  9658 | Lair:1   | 9658 ||| Stepping ~*~*~tactically~*~*~ (outnumbered).
  9659 | Lair:1   | 9659 ||| Stepping ~*~*~tactically~*~*~ (outnumbered).
  9660 | Lair:1   | 9660 ||| Stepping ~*~*~tactically~*~*~ (outnumbered).
  9661 | Lair:1   | 9661 ||| Stepping ~*~*~tactically~*~*~ (outnumbered).
  9664 | Lair:1   | 9664 ||| Stepping ~*~*~tactically~*~*~ (outnumbered).
  9665 | Lair:1   | 9665 ||| Stepping ~*~*~tactically~*~*~ (outnumbered).
  9680 | Lair:1   | 9680 ||| Stepping ~*~*~tactically~*~*~ (outnumbered).
  9681 | Lair:1   | 9681 ||| Stepping ~*~*~tactically~*~*~ (outnumbered).
  9682 | Lair:1   | 9682 ||| Stepping ~*~*~tactically~*~*~ (outnumbered).
  9690 | Lair:1   | Reached skill level 16 in Unarmed Combat
  9782 | Lair:1   | 9782 ||| INVOKING Fiery Armour.
  9783 | Lair:1   | Noticed a four-headed hydra
  9791 | Lair:1   | Killed a five-headed hydra
  9828 | Lair:1   | Noticed a five-headed hydra
  9829 | Lair:1   | 9829 ||| Stepping ~*~*~tactically~*~*~ (stealth).
  9837 | Lair:1   | Killed an eight-headed hydra
  9838 | Lair:1   | Reached XP level 12. HP: 72/118 MP: 12/12
  9959 | Lair:1   | 9959 ||| Stepping ~*~*~tactically~*~*~ (stealth).
  9961 | Lair:1   | 9961 ||| INVOKING Fiery Armour.
 10201 | Lair:1   | 10201 ||| Stepping ~*~*~tactically~*~*~ (outnumbered).
 10202 | Lair:1   | 10202 ||| Stepping ~*~*~tactically~*~*~ (outnumbered).
 10205 | Lair:1   | 10205 ||| Stepping ~*~*~tactically~*~*~ (outnumbered).
 10206 | Lair:1   | 10206 ||| Stepping ~*~*~tactically~*~*~ (outnumbered).
 10207 | Lair:1   | 10207 ||| Stepping ~*~*~tactically~*~*~ (outnumbered).
 10209 | Lair:1   | 10209 ||| Stepping ~*~*~tactically~*~*~ (outnumbered).
 10317 | Lair:1   | 10317 ||| Stepping ~*~*~tactically~*~*~ (stealth).
 10324 | Lair:1   | 10324 ||| Stepping ~*~*~tactically~*~*~ (outnumbered).
 10325 | Lair:1   | 10325 ||| Stepping ~*~*~tactically~*~*~ (outnumbered).
 10326 | Lair:1   | 10326 ||| Stepping ~*~*~tactically~*~*~ (outnumbered).
 10327 | Lair:1   | 10327 ||| Stepping ~*~*~tactically~*~*~ (outnumbered).
 10328 | Lair:1   | 10328 ||| Stepping ~*~*~tactically~*~*~ (outnumbered).
 10329 | Lair:1   | 10329 ||| Stepping ~*~*~tactically~*~*~ (outnumbered).
 10330 | Lair:1   | 10330 ||| Stepping ~*~*~tactically~*~*~ (outnumbered).
 10331 | Lair:1   | 10331 ||| Stepping ~*~*~tactically~*~*~ (outnumbered).
 10332 | Lair:1   | 10332 ||| Stepping ~*~*~tactically~*~*~ (outnumbered).
 10333 | Lair:1   | 10333 ||| Stepping ~*~*~tactically~*~*~ (outnumbered).
 10334 | Lair:1   | 10334 ||| Stepping ~*~*~tactically~*~*~ (outnumbered).
 10596 | Lair:1   | 10596 ||| PLANNING TEMPLE
 10596 | Lair:1   | 10596 ||| READING 4 scrolls of identify.
 10596 | Lair:1   | 10596 ||| IDENTIFYING fizzy black potion
 10736 | Temple   | Entered the Ecumenical Temple
 10738 | Temple   | 10738 ||| PLANNING CONVERSION TO OKAWARU
 10743 | Temple   | Fell from the grace of Ignis
 10743 | Temple   | Became a worshipper of Warmaster Okawaru
 10744 | Temple   | 10744 ||| PLANNING LAIR
 10871 | Lair:2   | 10871 ||| STAIRDANCE
 10873 | Lair:1   | 10873 ||| Stepping ~*~*~tactically~*~*~ (outnumbered).
 10984 | Lair:2   | 10984 ||| Stepping ~*~*~tactically~*~*~ (hiding).
 11175 | Lair:2   | Noticed an eight-headed hydra
 11182 | Lair:2   | Identified the +0 chain mail "Qaosuar" {rC+ Int+5 Stlth+}
 11320 | Lair:2   | Found a hole to the Spider Nest.
 11350 | Lair:2   | Noticed a boulder beetle
 11361 | Lair:2   | Killed a boulder beetle
 11362 | Lair:2   | Reached skill level 17 in Unarmed Combat
 11474 | Lair:2   | Reached * piety under Okawaru
 11485 | Lair:2   | 11485 ||| INVOKING Heroism.
 11492 | Lair:2   | Reached skill level 1 in Invocations
 11494 | Lair:2   | Found a staircase to the Swamp.
 11495 | Lair:2   | 11495 ||| INVOKING Heroism.
 11496 | Lair:2   | 11496 ||| INVOKING Heroism.
 11498 | Lair:2   | HP: 24/118 [swamp worm (17)]
 11499 | Lair:2   | 11499 ||| READING 4 scrolls of teleportation.
 11499 | Lair:2   | HP: 6/118 [swamp worm (7)]
 11500 | Lair:2   | HP: 1/118 [electric eel/bolt of electricity (6)]
 11501 | Lair:2   | Demolished by a swamp worm

Levels and vault maps discovered:
D:1:      nicolae_arrival_washed_ashore, layout_loops_ring
D:2:      layout_basic, st_stairs_12
D:3:      layout_basic, cheibrodos_sewer_entry_drain,
          shapermc_ecumenical_altar_starsandcircs, minmay_misc_feat_x,
          chequers_avenue, uniq_robin
D:4:      minmay_diamond_boxcup, layout_loops_cross, guppyfry_early_orc_mine
D:5:      layout_layer_cave, serial_shops, nicolae_shop_crystal,
          amcnicky_mini_pool_small, serial_bayou_crossing
D:6:      hellmonk_destroyed_diamonds, layout_loops_corners, uniq_maggie
D:7:      layout_layer_cave, minmay_temple_entry_sparse_star, uniq_menkaure,
          uniq_pikel
D:8:      layout_cave_pods, chequers_temple_overflow_statue_of_worship,
          jiyva_altar_1, uniq_joseph, uniq_maurice
D:9:      layout_basic, erik_lair_island, orc_0_dummy
Temple:   nicolae_temple_bog_church
Lair:1:   layout_regular_city, st_stairs_11, beast_lair_carwin_2,
          grunt_megastairs_2
Lair:2:   layout_cellular_growth, nicolae_swamp_entry_splash_gauntlet,
          hellmonk_spider_entry_life_and_decay, minmay_holes,
          serial_bayou_shore_a

Skill      XL: |  1  2  3  4  5  6  7  8  9 10 11 12 |
---------------+-------------------------------------+-----
Unarmed Combat | 4 5 6 7 8 9 10 12 14 16 17 | 17.3
Fighting       | 3 4 5 7 |  7.0
Dodging        | 1 |  1.1
Armour         | 1 2 3 |  3.0
Throwing       | 2 4 5 6 7 |  7.0
Invocations    | 1 |  1.3
Spellcasting   | |  1.0
Fire Magic     | |  2.1

Action                   |  1- 3 |  4- 6 |  7- 9 | 10-12 || total
-------------------------+-------+-------+-------+-------++-------
Melee: Unarmed           |   110 |   131 |   253 |   291 ||   785
       Punch             |       |     2 |     7 |    15 ||    24
Throw: Boomerang         |       |       |    40 |    11 ||    51
       Large rock        |       |       |    18 |    54 ||    72
       Javelin           |       |       |       |    12 ||    12
Invok: Fiery Armour      |     1 |     1 |     5 |     6 ||    13
       Heroism           |       |       |       |     2 ||     2
  Use: Scroll            |     8 |     3 |     6 |     9 ||    26
       Potion            |     1 |     3 |     3 |     4 ||    11
Armor: Robe              |    56 |    21 |    14 |       ||    91
       Steam dragon scal |       |       |    35 |       ||    35
       Acid dragon scale |       |       |    21 |    91 ||   112
Dodge: Dodged            |    77 |    41 |   106 |   139 ||   363

Table legend:
 A = Non-vault XP
 B = Vault XP
 C = Vault XP percentage of total XP
 D = Non-vault monster count
 E = Vault monster count
 F = Vault count percentage of total count
                 A         B        C        D         E       F
            +---------+---------+-------+---------+---------+-------
      Total |   21226 |    8814 |  29.3 |     210 |      90 |  30.0
            +---------+---------+-------+---------+---------+-------
        D:1 |      17 |       0 |   0.0 |       9 |       0 |   0.0
        D:2 |      51 |       4 |   7.3 |      27 |       2 |   6.9
        D:3 |     102 |      37 |  26.6 |      15 |      13 |  46.4
        D:4 |     288 |     453 |  61.1 |      21 |      14 |  40.0
        D:5 |     710 |       0 |   0.0 |      19 |       0 |   0.0
        D:6 |    1065 |     376 |  26.1 |      25 |       1 |   3.8
        D:7 |    1469 |     816 |  35.7 |      24 |       2 |   7.7
        D:8 |    4224 |    1100 |  20.7 |      16 |       6 |  27.3
        D:9 |    1969 |     842 |  30.0 |      12 |       8 |  40.0
     Lair:1 |    9245 |    2894 |  23.8 |      34 |       9 |  20.9
     Lair:2 |    2086 |    1787 |  46.1 |       8 |       7 |  46.7
      Sewer |       0 |     505 | 100.0 |       0 |      28 | 100.0
            +---------+---------+-------+---------+---------+-------
